 Dungeon Sprint DCSS version 0.31-a0-7-g51783674b7 (webtiles) character file.

Game seed: 11457338596822721561

592 sircluck the Fighter (level 7, -10/109 HPs)
             Began as a Hill Orc Fighter on May 5, 2023.
             Was an Initiate of Nemelex Xobeh.
             Succumbed to Sonja's poison
             ... in the Dungeon (Sprint I: "Red Sonja").
             The game lasted 00:02:07 (494 turns).

sircluck the Fighter (Hill Orc Fighter)              Turns: 494, Time: 00:02:08

Health: -10/109    AC:  8    Str: 21    XL:     7   Next: 39%
Magic:  7/7        EV: 10    Int:  8    God:    Nemelex Xobeh [......]
Gold:   300        SH:  6    Dex: 10    Spells: 6/6 levels left

rFire   . . .        a - +0 war axe
rCold   . . .        c - +0 buckler
rNeg    . . .        b - +0 scale mail
rPois   .            (no helmet)
rElec   .            (no cloak)
rCorr   .            (no gloves)
SInv    .            (no boots)
Will    .....        m - amulet of regeneration Stlth
                     (no ring)
HPRegen 1.18/turn    (no ring)
MPRegen 0.10/turn

%: no teleportation
@: berserking, lethally poisoned (-10 -> -49), very quick
A: no striking features
a: Renounce Religion, Draw Escape, Draw Destruction, Draw Summoning


You were in the Dungeon.
You worshipped Nemelex Xobeh.
Nemelex Xobeh was noncommittal.
You visited 1 branch You collected 300 gold pieces.

Inventory:

Hand Weapons
 a - a +0 war axe (weapon)
Armour
 b - a +0 scale mail (worn)
 c - a +0 buckler (worn)
Jewellery
 m - an amulet of regeneration (around neck)
Wands
 k - a wand of iceblast (10)
Scrolls
 j - a scroll of blinking
Potions
 d - a potion of might
 g - a potion of haste
 h - 2 potions of magic
 l - a potion of brilliance {unknown}


   Skills:
 + Level 10.8 Fighting
 + Level 9.2 Axes
 + Level 9.3 Armour
 + Level 1.1 Dodging
 + Level 8.7 Shields
 + Level 1.3 Evocations


You had 6 spell levels left.
You didn't know any spells.
Your spell library was empty.

Dungeon Overview and Level Annotations

Branches:
Dungeon (1/1)

Altars:
Cheibriados
Dithmenos
Elyvilon
Fedhas
Gozag
Hepliaklqana
Kikubaaqudgha
Makhleb
Nemelex Xobeh
Okawaru
Qazlal
Ru
Sif Muna
Trog
Uskayaw
Vehumet
Wu Jian
Xom
Yredelemnul
Zin
The Shining One
Jiyva
Lugonu

Shops:
D (

Annotations:
D Sonja


Message History

* * * LOW HITPOINT WARNING * * *
You are more poisoned.
You feel better. You block Sonja's attack.
Sonja hits you but does no damage. x2
You are poisoned.
Sonja completely misses you. Sonja hits you but does no damage.
You are more poisoned.
Sonja hits you with a +0 dagger of venom.
* * * LOW HITPOINT WARNING * * *
You are more poisoned.
Unknown command.
You feel much better.
You feel extremely sick.
Sonja hits you with a +0 dagger of venom!
* * * LOW HITPOINT WARNING * * *
Sonja barely misses you. Sonja hits you but does no damage.
You are lethally poisoned!
You block Sonja's attack.
Sonja hits you with a +0 dagger of venom.
* * * LOW HITPOINT WARNING * * *
You are more poisoned.
Sonja hits you but does no damage.
A red film seems to cover your vision as you go berserk!
You feel yourself moving faster!
You feel mighty!
* * * LOW HITPOINT WARNING * * *
You feel extremely sick. You block Sonja's attack.
Sonja hits you with a +0 dagger of venom.
* * * LOW HITPOINT WARNING * * *
You are more poisoned.
You block Sonja's attack. Sonja barely misses you.
Sonja hits you with a +0 dagger of venom.
* * * LOW HITPOINT WARNING * * *
You are more poisoned.
Sonja hits you with a +0 dagger of venom.
* * * LOW HITPOINT WARNING * * *
You are more poisoned.
You closely miss Sonja.
You feel yourself speed up.
You die...
Your body disappears without a glow.

###################
#<.#..)..#.)'..#__#
#..').#..'..#..'..+
#..#####'#####'#__#
#..####..#...#.####
#..#__####..##.#
#..#_____##@#_.+
#⌠⌠#_.∩...'.K._#
####_..__##_.#'#
#_____###'#[#
#########.### +$.$+
#$.$# ##.## #+#


You could see Sonja.

Vanquished Creatures
  Sigmund (D)
  A slime creature (D)
  A yak (D)
  An ogre (D)
  A jelly (D)
  Ijyb (D)
6 creatures vanquished.

Notes
Turn   | Place    | Note
-------+----------+-------------------------------------------
     0 | D        | sircluck the Hill Orc Fighter began the quest for the Orb.
     0 | D        | Reached XP level 1. HP: 19/19 MP: 1/1
     1 | D        | Noticed Ijyb
    23 | D        | Killed Ijyb
    24 | D        | Reached skill level 5 in Fighting
    24 | D        | Reached XP level 2. HP: 6/29 MP: 2/2
    24 | D        | Reached XP level 3. HP: 8/36 MP: 3/3
   132 | D        | Noticed an ogre
   138 | D        | Killed an ogre
   139 | D        | Reached skill level 7 in Fighting
   139 | D        | Reached skill level 5 in Axes
   139 | D        | Reached XP level 4. HP: 11/47 MP: 4/4
   283 | D        | Noticed Sigmund
   285 | D        | Killed Sigmund
   286 | D        | Reached skill level 9 in Fighting
   286 | D        | Reached XP level 5. HP: 52/57 MP: 5/5
   286 | D        | Reached XP level 6. HP: 57/63 MP: 6/6
   319 | D        | Found an ornate altar of the Wu Jian Council.
   319 | D        | Found a shimmering blue altar of Sif Muna.
   321 | D        | Found a radiant altar of Vehumet.
   383 | D        | Found Gesihez's Antique Weapon Emporium.
   383 | D        | Found an ancient bone altar of Kikubaaqudgha.
   383 | D        | Found a hazy altar of Hepliaklqana.
   383 | D        | Found a stormy altar of Qazlal.
   383 | D        | Found a hide-covered altar of Uskayaw.
   383 | D        | Found a blossoming altar of Fedhas.
   383 | D        | Found a bloodstained altar of Trog.
   383 | D        | Found an iron altar of Okawaru.
   383 | D        | Found a basalt altar of Yredelemnul.
   383 | D        | Found a glowing golden altar of the Shining One.
   383 | D        | Found a snail-covered altar of Cheibriados.
   383 | D        | Found a sacrificial altar of Ru.
   383 | D        | Found a glowing silver altar of Zin.
   383 | D        | Found a shadowy altar of Dithmenos.
   383 | D        | Found a white marble altar of Elyvilon.
   383 | D        | Noticed a yak
   387 | D        | Killed a yak
   388 | D        | Reached skill level 10 in Fighting
   388 | D        | Reached skill level 1 in Evocations
   388 | D        | Reached XP level 7. HP: 72/72 MP: 7/7
   388 | D        | Found an opulent altar of Gozag.
   389 | D        | Found a sparkling altar of Nemelex Xobeh.
   441 | D        | Became a worshipper of Nemelex Xobeh the Trickster
   452 | D        | Found a burning altar of Makhleb.
   452 | D        | Found a viscous altar of Jiyva.
   452 | D        | Found a shimmering altar of Xom.
   452 | D        | Found a corrupted altar of Lugonu.
   452 | D        | Noticed a slime creature
   470 | D        | Killed a slime creature
   471 | D        | Reached skill level 1 in Dodging
   480 | D        | Noticed Sonja
   493 | D        | HP: 1/109 [Sonja/+0 dagger of venom (5)]
   494 | D        | Succumbed to Sonja's poison

Illustrated notes

Levels and vault maps discovered:
D:        dungeon_sprint_1 [red_sonja_temple_1, red_sonja_temple_small_1]

Skill      XL: |  1  2  3  4  5  6  7 |
---------------+----------------------+-----
Fighting       | 5 7 9 10 | 10.8
Axes           | 3 5 6 8 9 |  9.2
Armour         | 4 6 8 9 |  9.3
Shields        | 4 6 7 8 |  8.7
Evocations     | 1 |  1.3
Dodging        | 1 |  1.1

Action                     |  1- 3 |  4- 6 |  7- 9 || total
---------------------------+-------+-------+-------++-------
  Melee: War axe           |    26 |     7 |    20 ||    53
  Evoke: Wand              |     1 |     2 |       ||     3
    Use: Potion            |       |       |     3 ||     3
 Armour: Scale mail        |    12 |     1 |    10 ||    23
  Dodge: Dodged            |     8 |     5 |    14 ||    27
  Block: Buckler           |     1 |       |    16 ||    17

Table legend: (Time is in decaauts)
 A = Elapsed time spent in this place.
 B = Non-inter-level travel time spent in this place.
 C = Inter-level travel time spent in this place.
 D = Time resting spent in this place.
 E = Time spent auto-exploring this place.
 F = Levels seen in this place.
 G = Mean time per level.
                   A        B        C        D        E       F      G
               +--------+--------+--------+--------+--------+-----+--------+
         Total |    512 |    481 |     31 |    104 |    179 |   1 |  512.0 |
       Dungeon |    512 |    481 |     31 |    104 |    179 |   1 |  512.0 |
               +--------+--------+--------+--------+--------+-----+--------+

Top non-repeatable levels by time:
       D: 512 daAuts
